 Dungeon Crawl Stone Soup version 0.29-a0-581-ge9a90b782e (webtiles) character file.

Game seed: 13725063540471683034

18 Nedwor the Shield-Bearer (level 2, -2/19 HPs)
             Began as a Gargoyle Fighter on June 14, 2022.
             Slain by a kobold
             ... wielding a +3 short sword
              (6 damage)
             ... on level 2 of the Dungeon.
             The game lasted 00:00:47 (804 turns).

Nedwor the Shield-Bearer (Gargoyle Fighter)          Turns: 804, Time: 00:00:48

Health: -2/19      AC:  9    Str: 19    XL:     2   Next: 70%
Magic:  2/2        EV:  9    Int:  8    God:
Gold:   111        SH:  4    Dex:  9    Spells: 1/1 levels left

rFire   . . .      SeeInvis .   a - +0 flail
rCold   . . .      Faith    .   c - +0 buckler
rNeg    + . .      Spirit   .   b - +0 scale mail
rPois   ∞          Reflect  .   (no helmet)
rElec   +          Harm     .   (no cloak)
rCorr   .          Rampage  .   (no gloves)
Will    .....                   (no boots)
Stlth   ..........              (no amulet)
HPRegen 0.06/turn               (no ring)
MPRegen 0.08/turn               (no ring)

@: no status effects
A: sickness immunity, AC +2, negative energy resistance 1, electricity
resistance, torment resistance 1, petrification resistance
a: no special abilities


You were on level 2 of the Dungeon.
You visited 1 branch of the dungeon, and saw 2 of its levels.

You collected 111 gold pieces.

Inventory:

Hand Weapons
 a - a +0 flail (weapon)
Armour
 b - a +0 scale mail (worn)
 c - a +0 buckler (worn)
Scrolls
 e - a scroll of blinking {unknown}
 f - a scroll of brand weapon {unknown}
Potions
 d - a potion of might


   Skills:
 + Level 3.5 Fighting
 * Level 2.5 Maces & Flails
 + Level 3.5 Armour
 + Level 3.5 Shields


You had one spell level left.
You didn't know any spells.
Your spell library contained the following spells:

 Spells                   Type           Power      Damage    Failure   Level
 Ensorcelled Hibernation  Hex/Ice        0%         N/A       94%         2
 Spider Form              Tmut/Pois      0%         N/A       99%         3
 Anguish                  Hex/Necr       0%         N/A       100%        4


Dungeon Overview and Level Annotations

Branches:
Dungeon (2/15)

Altars:
Yredelemnul


Innate Abilities, Weirdness & Mutations

You are immune to sickness and miasma.
Your stone body is resilient. (AC +2)
You are immune to poison.
You resist negative energy. (rN+)
You are resistant to electric shocks. (rElec)
You are resistant to unholy torment.
You are immune to petrification.


Message History

The jackal bites you but does no damage.
You hit the jackal.
You kill the jackal!
The jackal closely misses you. You block the jackal's attack.
You hit the kobold.
The kobold is moderately wounded.
The kobold hits you but does no damage. The jackal closely misses you.
The jackal bites you but does no damage.
The kobold hits you but does no damage.
You closely miss the kobold. The jackal bites you.
You block the kobold's attack. The jackal closely misses you.
You barely miss the kobold.
The jackal bites you but does no damage.
The kobold hits you with a +3 short sword.
The jackal completely misses you.
You closely miss the kobold. The kobold hits you but does no damage.
The jackal bites you but does no damage.
You block the kobold's attack.
You miss the kobold.
The jackal bites you but does no damage. x2
The kobold hits you with a +3 short sword.
You hit the kobold.
The kobold is moderately wounded.
The jackal bites you. The kobold hits you but does no damage.
The jackal bites you.
You are too injured to fight recklessly!
You are too injured to fight recklessly!
You are too injured to fight recklessly!
You are too injured to fight recklessly!
You closely miss the kobold.
The kobold is moderately wounded.
You block the jackal's attack.
The kobold hits you with a +3 short sword.
* * * LOW HITPOINT WARNING * * *
The jackal closely misses you.
You hit the kobold but do no damage.
The kobold is moderately wounded.
The kobold barely misses you. The jackal barely misses you.
The kobold hits you with a +3 short sword.
You die...

######
##....#
#..##.#
######
#.###.#
......###
#.# #.#
......Kh#
#.# #.# #@#
#.# #.# #.#
#.# #.# #.#
#.# #.#
#.###.# #.##
#.##..###..#
#.##.......#
#.##.......#
#.##..._†..#
#.##......##


You could see a jackal and a kobold.

Vanquished Creatures
  A dart slug (D:1)
  2 ball pythons (D:1)
  A hobgoblin (D:1)
  5 jackals
  3 quokkas
  A kobold (D:1)
  A rat (D:1)
14 creatures vanquished.

Notes
Turn   | Place    | Note
-------+----------+-------------------------------------------
     0 | D:1      | Nedwor the Gargoyle Fighter began the quest for the Orb.
     0 | D:1      | Reached XP level 1. HP: 14/14 MP: 1/1
   258 | D:1      | Reached XP level 2. HP: 18/19 MP: 2/2
   730 | D:2      | Found a basalt altar of Yredelemnul.
   804 | D:2      | Slain by a kobold

Illustrated notes

Levels and vault maps discovered:
D:1:      dpeg_arrival_water_fire, layout_basic
D:2:      layout_basic, basic_altar, minmay_between

Action                   || total
-------------------------++-------
Melee: Flail             ||    58
Armor: Scale mail        ||    44
Dodge: Dodged            ||    42
Block: Buckler           ||    19

Table legend: (Time is in decaauts)
 A = Elapsed time spent in this place.
 B = Non-inter-level travel time spent in this place.
 C = Inter-level travel time spent in this place.
 D = Time resting spent in this place.
 E = Time spent auto-exploring this place.
 F = Levels seen in this place.
 G = Mean time per level.
                   A        B        C        D        E       F      G
               +--------+--------+--------+--------+--------+-----+--------+
         Total |    822 |    794 |     28 |      0 |    668 |   2 |  411.0 |
       Dungeon |    822 |    794 |     28 |      0 |    668 |   2 |  411.0 |
               +--------+--------+--------+--------+--------+-----+--------+

Top non-repeatable levels by time:
     D:1: 738 daAuts
     D:2: 83 daAuts
